AoeStats
← A Delicious Pot Roast

African Clearing

513455224Analyzed
3v3 RM · 6d ago on Oct 13, 2026· 90m 21s· 6 players
Game mode
Random Map
Map size
Normal (6 player)
Population
200
Speed
Normal
Resources
Standard
Victory
Conquest
Starting age
Dark Age
Ending age
Imperial Age
RankedLock teamsTeams togetherTeam positionsShared explorationLock speedFull tech treeHidden civsTurbo modeCheats
Victory
Defeat
🇳🇴 Danes · Norway
792
+6
🇳🇴 Saxons · Norway
704
+9
🇳🇴 Varangians · Norway
690
+22
vs
🇺🇸 Sicilians · United States
646
-11
🇺🇸 Cumans · United States
594
-9
🇪🇸 Bohemians · Spain
374
-4
A Delicious Pot Roast
15:41 Feudal Age
16:53 Double-Bit Axe
19:39 Castle Age
25:47 Fletching
27:07 Bodkin Arrow
30:54 Padded Archer Armor
32:59 Wheelbarrow
37:45 Imperial Age
35:52 Hand Cart
38:36 Ballistics
40:32 Chemistry
41:57 Elite Kipchak
44:53 Conscription
48:48 Bow Saw
51:12 Leather Archer Armor
56:06 Two-Man Saw
55:32 Man-at-Arms
56:20 Scale Mail Armor
56:09 Long Swordsman
57:55 Bloodlines
58:54 Chain Mail Armor
58:50 Forging
58:46 Two-Handed Swordsman
59:30 Champion
64:21 Plate Mail Armor
71:00 Iron Casting
70:33 Scale Barding Armor
70:08 Cavalier
71:42 Paladin
72:50 Chain Barding Armor
74:44 Plate Barding Armor
75:09 Elite Steppe Lancer
79:17 Iron Casting
90:34 Loom
Dr. X marks the spot PhD
5:49 Loom
15:25 Feudal Age
17:00 Wheelbarrow
16:35 Double-Bit Axe
17:43 Horse Collar
19:18 Stone Mining
24:38 Forging
24:29 Scale Mail Armor
25:13 Gold Mining
25:51 Arson
31:19 Fletching
33:59 Castle Age
36:44 Stone Shaft Mining
38:24 Heavy Plow
43:59 Iron Casting
48:30 Chain Mail Armor
59:22 Imperial Age
59:04 Bodkin Arrow
60:05 Bracer
60:06 Padded Archer Armor
60:19 Elite Skirmisher
64:00 Bloodlines
64:23 Light Cavalry
67:14 Bow Saw
69:07 Chemistry
70:32 Leather Archer Armor
72:20 Ballistics
72:12 Masonry
74:36 Scale Barding Armor
75:53 Blast Furnace
Ziro3989
10:33 Loom
16:57 Feudal Age
17:45 Double-Bit Axe
20:48 Wheelbarrow
25:16 Castle Age
26:44 Bow Saw
26:20 Horse Collar
27:52 Husbandry
28:15 Forging
28:12 Scale Barding Armor
27:29 Light Cavalry
29:15 Hand Cart
33:40 Fletching
33:50 Padded Archer Armor
36:17 Wagenburg Tactics
37:48 Bodkin Arrow
38:08 Leather Archer Armor
38:32 Iron Casting
38:19 Chain Barding Armor
39:36 Heavy Plow
45:53 Chemistry
47:53 Imperial Age
45:19 Town Watch
47:29 Masonry
47:48 Town Patrol
48:55 Elite Hussite Wagon
49:05 Elite Hussite Wagon
52:19 Two-Man Saw
50:59 Cavalier
52:06 Conscription
55:23 Crossbowman
57:54 Sanctity
57:45 Redemption
58:01 Hussite Reforms
58:56 Redemption
59:07 Sanctity
59:57 Atonement
61:52 Fervor
62:08 Devotion
63:15 Iron Casting
62:40 Scale Mail Armor
62:35 Bodkin Arrow
62:55 Leather Archer Armor
64:11 Faith
64:20 Illumination
64:12 Block Printing
64:54 Heresy
66:27 Theocracy
65:52 Herbal Medicine
SONDREEE
11:42 Loom
14:39 Loom
17:17 Feudal Age
20:06 Wheelbarrow
19:30 Horse Collar
33:33 Castle Age
38:29 Pikeman
39:09 Squires
49:18 Hand Cart
56:58 Padded Archer Armor
57:12 Forging
57:04 Fletching
57:19 Scale Mail Armor
57:31 Forging
61:37 Gold Mining
66:31 Imperial Age
67:35 Heavy Mounted Crossbowman
67:36 Cranequins
79:05 Halberdier
Haakon Raude
10:56 Loom
14:51 Feudal Age
16:52 Wheelbarrow
16:22 Arson
17:15 Town Watch
17:39 Double-Bit Axe
23:13 Horse Collar
32:56 Castle Age
33:40 Heavy Plow
35:49 Heated Shot
35:58 Heated Shot
38:42 Ballistics
38:38 Scale Mail Armor
38:49 Forging
39:03 Squires
44:03 Gold Mining
47:31 Pikeman
54:19 Gambesons
55:14 Man-at-Arms
56:40 Long Swordsman
57:43 Chain Mail Armor
59:12 Iron Casting
59:45 Fletching
62:28 Gold Shaft Mining
61:19 Clerical Recruitment
66:32 Imperial Age
64:28 Hand Cart
64:15 Town Patrol
65:05 Stone Mining
65:40 Caravan
69:19 Plate Mail Armor
69:41 Elite Varangian Guard
69:47 Two-Handed Swordsman
69:50 Halberdier
71:15 Champion
72:48 Conscription
King David
4:22 Loom
13:23 Feudal Age
13:50 Horse Collar
13:58 Double-Bit Axe
20:15 Castle Age
19:41 Scale Mail Armor
20:31 Forging
21:01 Squires
21:40 Bow Saw
23:34 Heavy Plow
25:36 Wheelbarrow
24:55 Town Watch
27:04 Chain Mail Armor
29:07 Arson
30:39 Iron Casting
31:21 Hand Cart
31:18 Gambesons
33:00 Fletching
34:57 Bodkin Arrow
35:07 Pikeman
37:48 Padded Archer Armor
39:04 Stone Mining
39:09 Gold Mining
39:20 Gold Mining
43:35 Imperial Age
42:30 Leather Archer Armor
44:48 Plate Mail Armor
43:42 Elite Varangian Guard
43:48 Halberdier
45:27 Conscription
44:38 Hamask
48:41 Siege Engineers
49:37 Chemistry
48:52 Onager
51:08 Chemistry
50:53 Coinage
51:15 Masonry
51:26 Ballistics
51:04 Murder Holes
50:56 Northmen's Fury
51:10 Siege Onager
54:49 Banking
55:31 Blast Furnace
54:35 Bracer
58:00 Elite Jomsviking
63:49 Leather Archer Armor
64:13 Caravan
69:25 Hoardings
69:16 Ballistics
68:50 Guard Tower
68:45 Arrowslits
70:43 Devotion
83:27 Town Patrol
84:32 Heavy Mounted Crossbowman
84:33 Cranequins
85:47 Ring Archer Armor
91:02 Thumb Ring
Connection lost

Rejoining the realm…

Still unreachable

The connection could not be restored.

Session expired

The server has moved on; the page needs a fresh start.